 Dungeon Crawl Stone Soup version bcrawl-1.17.3 (webtiles) character file.

Game seed: 9749315424552856519

13185 Anmu the Thaumaturge (level 12, -27/66 HPs)
             Began as a Fairy Conjurer on Oct 25, 2019.
             Was a Believer of Sif Muna.
             Annihilated by a very large slime creature (42 damage)
             ... on level 9 of the Dungeon.
             The game lasted 00:28:03 (8936 turns).

Anmu the Thaumaturge (Fairy Conjurer)               Turns: 8936, Time: 00:28:04

Health: -27/66     AC: 11    Str: 10    XL:     12   Next: 3%
Magic:  14/31      EV: 26    Int: 24    God:    Sif Muna [**....]
Gold:   738        SH:  7    Dex: 17    Spells: 28/38 levels left

rFire    . . .     SeeInvis .   u - +3 rapier "Demonslayer" {pierce, Str+2}
rCold    + . .     Gourm    .   (shield restricted)
rNeg     . . .     Faith    .   (armour unavailable)
rPois    .         Spirit   .   (helmet restricted)
rElec    .         Reflect  .   m - +1 cloak
rCorr    .         Harm     .   (no gloves)
MR       +....     Rnd*Rage +   d - +1 pair of boots
Stlth    +.........             k - amulet of the acrobat
HPRegen  0.21/turn              w - ring of protection from cold
MPRegen  0.22/turn              r - +4 ring of dexterity

@: flying evasively
A: small, magic attunement, unstealthy, unfitting armour, antennae 1, berserk 1,
blurry vision 1, strong 1, able to fly, AC/SH +7
a: Stop Flying, Divine Energy, Renounce Religion


You were on level 9 of the Dungeon.
You worshipped Sif Muna.
Sif Muna was pleased with you.
You were not hungry.

You visited 2 branches of the dungeon, and saw 11 of its levels.

You collected 738 gold pieces.

Inventory:

Hand Weapons
 u - the +3 rapier "Demonslayer" (weapon) {pierce, Str+2}
   (You found it on level 8 of the Dungeon)

   It inflicts extra damage upon your enemies.
   It affects your strength (+2).
Armour
 d - a +1 pair of boots (worn)
 j - a +0 helmet
 m - a +1 cloak (worn)
Jewellery
 e - an uncursed amulet of the gourmand
 k - an amulet of the acrobat (around neck)
 r - a +4 ring of dexterity (right hand)
 t - a +3 amulet of reflection
 w - a ring of protection from cold (left hand)
 x - an uncursed ring of ice
 y - an uncursed amulet of regeneration
Wands
 i - a wand of scattershot (5)
 o - a wand of iceblast (8)
 p - a wand of digging (14)
 s - a wand of polymorph (15)
Scrolls
 a - 5 scrolls of identify
 b - 4 scrolls of teleportation
 h - a scroll of fear
 l - 4 scrolls of remove curse
Potions
 f - a potion of agility
 g - 10 potions of curing
 n - a potion of might
 q - a potion of brilliance
Comestibles
 c - 18 rations {!d}


   Skills:
 * Level 11.4 Dodging
 + Level 3.2 Stealth
 + Level 13.8 Spellcasting
 + Level 13.6 Conjurations
 + Level 3.3 Summonings


You had 28 spell levels left.
You knew the following spells:

 Your Spells              Type           Power        Failure   Level  Hunger
a - Magic Dart            Conj           ####         0%          1    None
b - Iskenderun's Mystic   Conj           ######..     1%          3    None
c - Summon Butterflies    Summ           ####....     1%          1    None
d - Summon Lightning Spi  Summ/Air       ###.....     45%         5    None

Your spell library contained the following spells:

 Spells                   Type           Power        Failure   Level  Hunger
 Shock                    Conj/Air       #####        1%          1    None
 Searing Ray              Conj           ######       1%          2    None
 Dazzling Spray           Conj/Hex       #####.       1%          3    None
 Fulminant Prism          Conj/Hex       #####.....   2%          4    None
 Apportation              Tloc           ###...       3%          1    None
 Infusion                 Chrm           ###.....     3%          1    None
 Sandblast                Erth           ###...       3%          1    None
 Slow                     Hex            ###.....     3%          1    None
 Swiftness                Chrm/Air       ###.....     5%          2    None
 False Image              Hex/Summ       ###.....     5%          3    None
 Irradiate                Conj/Tmut      #####.....   6%          5    None
 Lightning Bolt           Conj/Air       #####.....   6%          5    None
 Confuse                  Hex            ###.....     11%         3    None
 Static Discharge         Air            ###.....     11%         3    None
 Airstrike                Air            ###.......   34%         4    None
 Petrify                  Tmut/Erth      ###.....     34%         4    None
 Yara's Violent Unravell  Hex/Tmut       ###.......   34%         4    None
 Metabolic Englaciation   Hex/Ice        ###.......   69%         5    None
 Shadow Creatures         Summ           N/A          80%         6    None
 Mana Rupture             Conj/Hex       #####.....   88%         7    None
 Freezing Cloud           Ice/Air        ###.......   99%         6    None


Dungeon Overview and Level Annotations

Branches:
Dungeon (10/12)            Temple (1/1) D:7            Lair (0/6) D:8
    Orc: D:8-11

Altars:
Ashenzari
Cheibriados
Dithmenos
Elyvilon
Fedhas
Gozag
Hepliaklqana
Kikubaaqudgha
Lugonu
Makhleb
Nemelex Xobeh
Okawaru
Qazlal
Ru
Sif Muna
Trog
Uskayaw
Vehumet
Wu Jian
Xom
Yredelemnul
Zin
The Shining One

Shops:
D:6 %   D:10 :

Annotations:
D:10 2 transporters, pheathergobbo575's ghost, journeyman DDMo


Innate Abilities, Weirdness & Mutations

Your spells do not cause hunger and MP costs are reduced by 1.
Your bright wings attract enemies. (Stealth-)
You cannot fit into any form of body armour.
Your shimmering scales are hard and can block incoming attacks. (AC +7, SH +7)
You are small and have problems with some larger weapons.
You can fly continuously.
You have a pair of small antennae on your head.
You tend to lose your temper in combat.
Scrolls take you a little longer to read.
Your muscles are strong. (Str +2)


Message History

Two slime creatures merge to form a very large slime creature.
Casting: Iskenderun's Mystic Blast (safe; 1% risk of failure)
Confirm with . or Enter, or press ? or * to list all spells.
Aiming: Iskenderun's Mystic Blast (safe; 1% risk of failure)
Press: ? - help, Shift-Dir - straight line, f - very large slime creature
Aim: a very large slime creature (severely wounded)
The orb of energy hits the very large slime creature.
The very large slime creature is almost dead.
The orb of energy explodes!
Casting: Iskenderun's Mystic Blast (safe; 1% risk of failure)
Confirm with . or Enter, or press ? or * to list all spells.
Aiming: Iskenderun's Mystic Blast (safe; 1% risk of failure)
Press: ? - help, Shift-Dir - straight line, f/p - very large slime creature
Aim: a very large slime creature (almost dead)
The orb of energy hits the very large slime creature.
The very large slime creature is almost dead.
The orb of energy explodes!
The very large slime creature hits you!!!
Ouch! That really hurt!
You die...

..##
#...........#
8..#
##..#######.#
##)# #...######.#
.#'# #........#.#
##.# #...####.#.#
8..# #.>......#.#
..## #.#.###..#.#
### #.#.J.#..#.#
###
#.#.#@#..#.####.#
#.###.#.<#......#
#.....#..######.#
#######..# #.#
#.#######.#
#.........#
###########


You could see a very large slime creature.

Vanquished Creatures
  A hydra (D:10)
  Psyche (D:10)
  5 two-headed ogres
  The ghost of Polynomdivision the Thaumaturge, a novice GrWz of Okawaru (D:7)
  A cyclops (D:9)
  Pikel (D:4)
  A deep elf mage (D:9)
  A centaur zombie (D:9)
  Joseph (D:7)
  A troll (D:9)
  A slime creature (D:10)
  Grinder (D:6)
  Sigmund (D:2)
  A yak (D:9)
  Eustachio (D:4)
  A human (D:9)
  3 hogs (D:9)
  A hungry ghost (D:9)
  Menkaure (D:6)
  2 wargs (D:8)
  Duvessa (D:4)
  A water moccasin (D:5)
  An ice beast (D:7)
  5 orc warriors
  3 sky beasts
  A slave (D:4)
  3 phantoms
  4 ogres
  3 centaurs
  2 big kobolds (D:8)
  3 bullfrogs
  Blork the orc (D:4)
  Dowan (D:4)
  2 scorpions
  5 killer bees (D:9)
  2 howler monkeys
  4 crimson imps
  A quasit (D:8)
  3 orc priests
  3 jellies
  4 hounds
  13 orc wizards
  Jessica (D:2)
  A bullfrog skeleton (D:8)
  3 centaur skeletons
  Natasha (thrice) (D:3)
  An iguana (D:5)
  6 worker ants
  A spectral worker ant (D:7)
  A howler monkey zombie (D:9)
  A worker ant zombie (D:7)
  Robin (D:3)
  11 adders
  A howler monkey skeleton (D:7)
  2 shadow imps
  An ooze (D:6)
  An adder skeleton (D:4)
  6 worms
  4 dart slugs
  4 leopard geckos
  29 orcs
  4 giant cockroaches
  2 gnoll zombies (D:3)
  10 goblins
  9 hobgoblins
  12 jackals
  2 quokkas
  6 bats
  A frilled lizard (D:2)
  15 kobolds
  A quokka skeleton (D:5)
  4 rats
237 creatures vanquished.

Vanquished Creatures (collateral kills)
  2 worker ant zombies (D:7)
2 creatures vanquished.

Vanquished Creatures (others)
  2 slaves (D:4)
2 creatures vanquished.

Grand Total: 241 creatures vanquished

Notes
Turn   | Place    | Note
-------+----------+-------------------------------------------
     0 | D:1      | Anmu the Fairy Conjurer began the quest for the Orb.
     0 | D:1      | Reached XP level 1. HP: 11/11 MP: 6/6
   113 | D:1      | Reached skill level 5 in Conjurations
   285 | D:1      | Reached XP level 2. HP: 17/17 MP: 7/7
   636 | D:2      | Reached XP level 3. HP: 21/21 MP: 9/9
   636 | D:2      | Noticed Jessica
   640 | D:2      | Killed Jessica
   651 | D:2      | Reached XP level 4. HP: 25/27 MP: 11/11
   659 | D:2      | Learned a level 3 spell: Iskenderun's Mystic Blast
   751 | D:2      | Learned a level 1 spell: Summon Butterflies
   775 | D:2      | Noticed Sigmund
   782 | D:2      | Killed Sigmund
   782 | D:2      | Reached XP level 5. HP: 27/31 MP: 1/13
   807 | D:2      | Reached XP level 6. HP: 34/36 MP: 4/14
  1256 | D:2      | Found a burning altar of Makhleb.
  1258 | D:2      | Found a white marble altar of Elyvilon.
  1261 | D:2      | Found a glowing silver altar of Zin.
  1262 | D:2      | Found an ornate altar of the Wu Jian Council.
  1266 | D:2      | Found a bloodstained altar of Trog.
  1341 | D:3      | Reached skill level 1 in Summonings
  1691 | D:3      | Found a glowing golden altar of the Shining One.
  1713 | D:3      | Noticed Natasha
  1715 | D:3      | Killed Natasha
  1905 | D:3      | Noticed Robin
  1909 | D:3      | Killed Robin
  1909 | D:3      | Reached skill level 5 in Spellcasting
  1912 | D:3      | Noticed Natasha
  1920 | D:3      | Killed Natasha
  2220 | D:3      | Noticed Natasha
  2225 | D:3      | Killed Natasha
  2483 | D:3      | Found a basalt altar of Yredelemnul.
  2525 | D:4      | Noticed Pikel
  2525 | D:4      | Noticed a slave
  2525 | D:4      | Noticed a slave
  2525 | D:4      | Noticed a slave
  2527 | D:4      | Noticed a slave
  2540 | D:4      | Noticed a sky beast
  2545 | D:4      | Killed Pikel
  2545 | D:4      | Reached skill level 5 in Dodging
  2545 | D:4      | Reached XP level 7. HP: 9/41 MP: 13/18
  2545 | D:4      | Reached XP level 8. HP: 10/46 MP: 13/19
  2644 | D:4      | Noticed Duvessa
  2650 | D:4      | Noticed Dowan
  2654 | D:4      | Killed Duvessa
  2656 | D:4      | Killed Dowan
  2844 | D:4      | Noticed Blork the orc
  2846 | D:4      | Killed Blork the orc
  2890 | D:4      | Noticed Eustachio
  2896 | D:4      | Killed Eustachio
  3425 | D:5      | Entered Level 5 of the Dungeon
  3674 | D:5      | Reached XP level 9. HP: 51/51 MP: 16/23
  4126 | D:6      | Found an opulent altar of Gozag.
  4142 | D:6      | Noticed a two-headed ogre
  4148 | D:6      | Killed a two-headed ogre
  4148 | D:6      | Reached skill level 10 in Conjurations
  4313 | D:6      | Found a sacrificial altar of Ru.
  4364 | D:6      | Noticed Menkaure
  4366 | D:6      | Killed Menkaure
  4366 | D:6      | Reached skill level 10 in Spellcasting
  4460 | D:6      | Found Yto Bef's Food Emporium.
  4527 | D:6      | Noticed Grinder
  4532 | D:6      | Killed Grinder
  4532 | D:6      | Reached XP level 10. HP: 56/56 MP: 16/26
  4776 | D:6      | Found a snail-covered altar of Cheibriados.
  4776 | D:6      | Found a hide-covered altar of Uskayaw.
  4958 | D:7      | Noticed Joseph
  4962 | D:7      | Killed Joseph
  5022 | D:7      | Found a staircase to the Ecumenical Temple.
  5048 | Temple   | Entered the Ecumenical Temple
  5110 | Temple   | Became a worshipper of Sif Muna the Loreminder
  5412 | D:7      | Found a runed translucent gate.
  5413 | D:7      | Found a runed translucent gate.
  5413 | D:7      | Found a runed translucent gate.
  5415 | D:7      | Noticed Polynomdivision's ghost (novice GrWz)
  6076 | D:8      | Reached * piety under Sif Muna
  6128 | D:8      | Identified Sif Muna's Volume of Quantum Leap (Sif Muna
                  | gifted it to you on level 8 of the Dungeon)
  6128 | D:8      | Received a gift from Sif Muna
  6379 | D:8      | Found an ancient bone altar of Kikubaaqudgha.
  6476 | D:8      | Gained mutation: You tend to lose your temper in combat.
                  | [potion of mutation]
  6476 | D:8      | Gained mutation: You have a pair of small antennae on your
                  | head. [potion of mutation]
  6476 | D:8      | Gained mutation: You expend magic power (3 MP) to
                  | strengthen your wands. [potion of mutation]
  6477 | D:8      | Lost mutation: You expend magic power (3 MP) to strengthen
                  | your wands. [potion of mutation]
  6477 | D:8      | Gained mutation: Scrolls take you a little longer to read.
                  | [potion of mutation]
  6477 | D:8      | Gained mutation: Your muscles are strong. (Str +2) [potion
                  | of mutation]
  6533 | D:8      | Found a staircase to the Lair.
  6567 | D:8      | Got a brightly glowing rapier
  6773 | D:9      | Reached skill level 10 in Dodging
  6855 | D:9      | Found a shattered altar of Ashenzari.
  7277 | D:9      | Found an iron altar of Okawaru.
  7392 | D:9      | Reached XP level 11. HP: 61/61 MP: 22/29
  7395 | D:9      | Noticed a cyclops
  7415 | D:9      | Killed a cyclops
  7686 | D:9      | Noticed a two-headed ogre
  7691 | D:9      | Noticed a deep elf mage
  7694 | D:9      | Killed a two-headed ogre
  7694 | D:9      | Reached ** piety under Sif Muna
  7696 | D:9      | Noticed a two-headed ogre
  7702 | D:9      | Killed a two-headed ogre
  7702 | D:9      | Received a gift from Sif Muna
  7707 | D:9      | Killed a deep elf mage
  7715 | D:9      | Noticed a two-headed ogre
  7739 | D:9      | Killed a two-headed ogre
  7986 | D:9      | Identified the +3 rapier "Demonslayer" {pierce, Str+2} (You
                  | found it on level 8 of the Dungeon)
  8180 | D:10     | Entered Level 10 of the Dungeon
  8188 | D:10     | Noticed a skeletal warrior
  8189 | D:10     | Found a transporter.
  8190 | D:10     | Found a transporter.
  8190 | D:10     | Noticed pheathergobbo575's ghost (journeyman DDMo)
  8279 | D:7      | Learned a level 5 spell: Summon Lightning Spire
  8495 | D:7      | Killed Polynomdivision's ghost
  8570 | D:10     | Noticed a two-headed ogre
  8573 | D:10     | Killed a two-headed ogre
  8588 | D:10     | Noticed a six-headed hydra
  8592 | D:10     | Killed a six-headed hydra
  8626 | D:10     | Noticed Psyche
  8639 | D:10     | Killed Psyche
  8639 | D:10     | Reached XP level 12. HP: 42/66 MP: 14/31
  8883 | D:10     | Found Ampid's Book Shoppe.
  8936 | D:9      | Annihilated by a very large slime creature

Skill      XL: |  1  2  3  4  5  6  7  8  9 10 11 |
---------------+----------------------------------+-----
Conjurations   | 5 6 8 9 10 12 13 | 13.6
Spellcasting   | 3 4 6 8 10 12 13 | 13.8
Dodging        | 3 4 5 7 9 10 11 | 11.4
Summonings     | 1 2 3 |  3.3
Stealth        | 2 3 |  3.2

Action                   |  1- 3 |  4- 6 |  7- 9 | 10-12 || total
-------------------------+-------+-------+-------+-------++-------
Melee: Unarmed           |       |       |       |     3 ||     3
 Cast: Magic Dart        |    42 |    82 |    56 |   104 ||   284
       Iskenderun's Myst |       |    51 |    92 |   200 ||   343
       Summon Butterflie |       |    34 |     4 |     4 ||    42
       Summon Lightning  |       |       |       |     1 ||     1
  Use: Potion            |       |     8 |     1 |     4 ||    13
       Scroll            |       |     4 |     2 |     5 ||    11
  Eat: Chunk             |       |     5 |     7 |     9 ||    21
       Ration            |       |       |       |     1 ||     1
Armor: Skin              |     1 |    10 |     2 |    17 ||    30
Dodge: Dodged            |     4 |    48 |     5 |    73 ||   130
Block: Other             |       |    12 |     3 |    34 ||    49
